 Dungeon Crawl Stone Soup version 0.29-a0-789-g7a8fcbc185 (webtiles) character file.

Game seed: 12696526008589740825

72 purpskrrrp the Covered (level 4, -5/22 HPs)
             Began as a Vine Stalker Wanderer on July 2, 2022.
             Killed from afar by Crazy Yiuf (10 damage)
             ... with a puff of flame
             ... on level 2 of the Dungeon.
             The game lasted 00:07:42 (2386 turns).

purpskrrrp the Covered (Vine Stalker Wanderer)      Turns: 2386, Time: 00:07:43

Health: -5/22      AC:  0    Str: 12    XL:     4   Next: 25%
Magic:  0/6        EV: 14    Int: 15    God:
Gold:   92         SH:  0    Dex: 15    Spells: 4/5 levels left

rFire   . . .      SeeInvis .   (weapon currently unavailable)
rCold   . . .      Faith    .   (shield currently unavailable)
rNeg    . . .      Spirit   +   (body armour currently unavailable)
rPois   .          Reflect  .   (helmet currently unavailable)
rElec   .          Harm     .   (cloak currently unavailable)
rCorr   .          Rampage  .   (gloves currently unavailable)
Will    .....                   (boots currently unavailable)
Stlth   ++........              (no amulet)
HPRegen 0.87/turn               (ring currently unavailable)
MPRegen 0.10/turn               (ring currently unavailable)

@: pig-form, very quick
A: fast, no casting, small, (fangs 2), regeneration 1, magic shield, (antimagic
bite), no potion heal 2
a: no special abilities


You were on level 2 of the Dungeon.
You were a filthy swine.
You visited 1 branch of the dungeon, and saw 2 of its levels.

You collected 92 gold pieces.

Inventory:

Hand Weapons
 a - a +0 dagger of protection (melded)
Missiles
 b - 16 poisoned darts
 f - 6 datura-tipped darts (quivered)
Armour
 c - a +2 scale mail (melded)
 e - a +0 helmet
 i - a +2 hat (melded)
 k - a +0 pair of boots (melded)
Jewellery
 j - a ring of fire (melded)
Scrolls
 d - a scroll of summoning
Potions
 l - a potion of flight


   Skills:
 + Level 1.6 Fighting
 * Level 1.1 Short Blades
 + Level 1.0 Throwing
 + Level 3.2 Armour
 + Level 1.2 Dodging
 * Level 2.2 Stealth
 - Level 1.1 Spellcasting
 - Level 2.0 Hexes


You had 4 spell levels left.
You knew the following spells:

 Your Spells              Type           Power      Damage    Failure   Level
a - Slow                  Hex            24%        N/A       11%         1

Your spell library contained the following spells:

 Spells                   Type           Power      Damage    Failure   Level
 Confusing Touch          Hex            6%         N/A       32%         3
 Vampiric Draining        Necr           0%         2d6       58%         3


Dungeon Overview and Level Annotations

Branches:
Dungeon (2/15)

Altars:

Annotations:
D:2 Crazy Yiuf


Innate Abilities, Weirdness & Mutations

You are a filthy swine.
You move quickly.
Your equipment is almost entirely melded.
You are incapable of wielding weapons or throwing items.
You cannot cast spells.
((You have extremely sharp teeth.))
Your natural rate of healing is unusually fast.
When hurt, damage is shared between your health and your magic reserves.
((Your bite disrupts and absorbs the magic of your enemies.))
Potions cannot restore your health.


Message History

You feel more attuned to fire.
j - a ring of fire (left hand) Crazy Yiuf cries, "Leather ena sow!"
As you open the door, it creaks loudly!
Crazy Yiuf yells, "Cholesterol arga hand!"
You hit Crazy Yiuf but do no damage.
Your weapon exudes an aura of protection.
Your bite misses Crazy Yiuf.
Crazy Yiuf zaps a wand.
The puff of flame hits you but does no damage.
You barely miss Crazy Yiuf. Your bite misses Crazy Yiuf.
You completely miss Crazy Yiuf. Your bite misses Crazy Yiuf.
Crazy Yiuf hits you but does no damage.
You hit Crazy Yiuf. You bite Crazy Yiuf. You drain his power.
Crazy Yiuf is lightly wounded.
Crazy Yiuf barely misses you.
You barely miss Crazy Yiuf.
Crazy Yiuf is lightly wounded.
Crazy Yiuf hits you but does no damage.
You closely miss Crazy Yiuf. You bite Crazy Yiuf. You drain his power.
Crazy Yiuf is moderately wounded.
Crazy Yiuf hits you but does no damage.
You hit Crazy Yiuf but do no damage. You bite Crazy Yiuf, but do no damage.
Crazy Yiuf is moderately wounded.
Crazy Yiuf hits you but does no damage.
You turn into a filthy swine.
Your +0 dagger of protection melds into your body.
Your +2 hat melds into your body.
Your +0 pair of boots melds into your body.
Your +2 scale mail melds into your body.
Your ring of fire melds into your body.
Your +0 dagger of protection goes still.
You hit Crazy Yiuf.
Crazy Yiuf is moderately wounded.
Crazy Yiuf hits you with a +3 quarterstaff of chaos!!
Ouch! That really hurt!
Crazy Yiuf burns you.
* * * LOW HITPOINT WARNING * * *
You hit Crazy Yiuf.
Crazy Yiuf is moderately wounded.
Crazy Yiuf zaps a wand.
The puff of flame hits you!
You die...

###########....##########.#
..........'..>............#
..#########....############
######### ###### ........#
#####..###♣♣♣♣♣ #
##.#.#..♣.♣♣♣ ### #
#.......♣..♣#...# ###
#......♣♣♣♣hg...# ..#
##..#.♣♣ ♣♣#..)# ..# ####♣♣
### ..# ### # ### # #.#
###########.# #...........#


You could see Crazy Yiuf.

Vanquished Creatures
  3 adders (D:2)
  4 dart slugs
  5 endoplasms
  3 giant cockroaches
  4 goblins
  4 hobgoblins
  2 quokkas (D:1)
  A ball python (D:1)
  3 bats (D:1)
  A kobold (D:1)
  5 rats
35 creatures vanquished.

Notes
Turn   | Place    | Note
-------+----------+-------------------------------------------
     0 | D:1      | purpskrrrp the Vine Stalker Wanderer began the quest for
                  | the Orb.
     0 | D:1      | purpskrrrp set off with the following items: a +0 dagger,
                  | 11 poisoned darts, a +2 scale mail, a scroll of summoning;
                  | and the following spell memorised: Slow; and the following
                  | spells available to memorise: Confusing Touch.
     0 | D:1      | Reached XP level 1. HP: 10/10 MP: 3/3
   174 | D:1      | Reached XP level 2. HP: 14/14 MP: 4/4
   316 | D:1      | Reached skill level 3 in Armour
   659 | D:1      | Reached XP level 3. HP: 18/18 MP: 3/5
  1614 | D:2      | Reached skill level 1 in Short Blades
  1868 | D:2      | Gained mutation: Your natural rate of healing is unusually
                  | fast. [Vine Stalker growth]
  1868 | D:2      | Reached XP level 4. HP: 17/22 MP: 6/6
  1981 | D:2      | Found a runed translucent door.
  1982 | D:2      | Noticed Crazy Yiuf
  2386 | D:2      | Killed from afar by Crazy Yiuf

Illustrated notes

Levels and vault maps discovered:
D:1:      psy_arrival_dodecagon, layout_rooms, minmay_crystal_water
D:2:      layout_basic, uniq_crazy_yiuf_cottage

Skill      XL: |  1  2  3 |
---------------+----------+-----
Armour         | 3 |  3.2
Short Blades   | 1 |  1.1
Stealth        | 2 |  2.2
Fighting       | |  1.6
Throwing       | |  1.0
Dodging        | |  1.2
Spellcasting   | |  1.1
Hexes          | |  2.0

Action                   |  1- 3 |  4- 6 || total
-------------------------+-------+-------++-------
Melee: Dagger            |   138 |    27 ||   165
       Bite              |    33 |     9 ||    42
       Punch             |     1 |       ||     1
       Unarmed           |       |     2 ||     2
Throw: Dart              |     1 |       ||     1
  Use: Scroll            |     2 |     3 ||     5
Armor: Scale mail        |    76 |    19 ||    95
Dodge: Dodged            |    76 |     3 ||    79

Table legend: (Time is in decaauts)
 A = Elapsed time spent in this place.
 B = Non-inter-level travel time spent in this place.
 C = Inter-level travel time spent in this place.
 D = Time resting spent in this place.
 E = Time spent auto-exploring this place.
 F = Levels seen in this place.
 G = Mean time per level.
                   A        B        C        D        E       F      G
               +--------+--------+--------+--------+--------+-----+--------+
         Total |   2380 |   2124 |    256 |    195 |   1575 |   2 | 1190.0 |
       Dungeon |   2380 |   2124 |    256 |    195 |   1575 |   2 | 1190.0 |
               +--------+--------+--------+--------+--------+-----+--------+

Top non-repeatable levels by time:
     D:2: 1437 daAuts
     D:1: 943 daAuts
